Map: Lightshade LE

Players

LiquidMaNa (MaNa)

  • Race: Protoss Protoss
  • League: Grandmaster
  • Spawn Location: 11:00

LiquidClem (Clem) - Winner!

  • Race: Terran Terran
  • League: Grandmaster
  • Spawn Location: 5:00

Event: StayAtHome Story Cup #3

VOD

Have the link to the VOD?

Description

Time

  • Played on: March 11, 2021, 8:22 a.m.
  • Length: 12:39

All games in this series

Show
View Real Time Build Order
Export as new Build Order

LiquidMaNa Protoss 

Build Orders: 1 Gate Expand 

Get SALT Encoding   

  12  0:00  Probe  
  13  0:12  Probe  
  14  0:17  Pylon  
  14  0:24  Probe (Chrono Boost)  
  16  0:36  Probe (Chrono Boost), Gateway  
  16  0:43  Probe (Chrono Boost)  
  17  0:50  Probe  
  18  1:09  Nexus  
  18  1:14  Assimilator  
  18  1:23  Cybernetics Core  
  18  1:27  Probe  
  19  1:34  Pylon  
  19  1:39  Probe  
  20  1:51  Probe  
  20  1:52  Gateway  
  21  1:57  Adept (Chrono Boost)  
  23  2:02  Warp Gate (Chrono Boost)  
  23  2:03  Probe  
  24  2:15  Probe  
  25  2:22  Probe  
  25  2:26  Stalker  
  25  2:27  Probe  
  28  2:34  Probe  
  29  2:39  Probe  
  29  2:41  Adept  
  31  2:45  Gateway  
  31  2:46  Probe  
  32  2:51  Probe  
  33  2:59  Probe  
  33  3:00  Pylon  
  33  3:03  Probe  
  35  3:06  Shield Battery  
  35  3:11  Probe  
  36  3:15  Probe  
  37  3:23  Probe  
  38  3:28  Probe  
  38  3:30  Assimilator  
  39  3:35  Adept  
  39  3:36  Probe, Adept  
  39  3:39  Adept  
  46  3:43  Twilight Council  
  46  3:44  Probe, Pylon  
  46  3:48  Probe, Pylon  
  46  4:06  Adept x2  
  46  4:08  Adept  
  46  4:09  Probe x2  
  54  4:11  Assimilator  
  54  4:21  Probe  
  54  4:22  Probe  
  54  4:24  Shield Battery, Pylon  
  56  4:33  Probe  
  55  4:49  Probe x2  
  55  4:50  Robotics Facility  
  55  4:51  Nexus  
  53  4:59  Gateway  
  53  5:01  Blink (Chrono Boost)  
  53  5:04  Probe x2  
  53  5:06  Gateway  
  55  5:11  Gateway  
  55  5:16  Probe  
  55  5:17  Probe, Shield Battery  
  57  5:24  Stalker  
  59  5:28  Assimilator  
  59  5:29  Probe x2, Stalker  
  62  5:39  Observer (Chrono Boost)  
  62  5:41  Probe x2  
  64  5:45  Stalker  
  64  5:49  Gateway  
  66  5:51  Stalker  
  66  5:53  Probe x2  
  70  6:00  Stalker  
  70  6:03  Probe  
  73  6:05  Probe x2  
  75  6:16  Probe, Robotics Bay  
  75  6:17  Probe x2  
  75  6:18  Pylon  
  78  6:19  Observer (Chrono Boost)  
  75  6:28  Probe (Chrono Boost)  
  75  6:29  Probe x2 (Chrono Boost)  
  75  6:32  Pylon  
  78  6:36  Warp Prism (Chrono Boost)  
  78  6:38  Probe x3 (Chrono Boost)  
  83  6:43  Probe x2 (Chrono Boost)  
  83  6:45  Stalker x4  
  83  6:46  Observer  
  93  6:48  Charge (Chrono Boost)  
  93  6:52  Probe  
  93  6:53  Assimilator  
  94  6:55  Probe  
  95  7:02  Probe  
  95  7:04  Probe  
  95  7:05  Colossus  
  103  7:09  Probe  
  104  7:16  Probe  
  102  7:23  Probe  
  102  7:27  Zealot  
  104  7:37  Extended Thermal Lance (Chrono Boost)  
  104  7:44  Gateway  
  104  7:45  Forge  
  104  7:47  Pylon, Forge  
  104  7:49  Pylon  
  104  7:51  Sentry x2  
  108  7:59  Observer  
  108  8:03  Robotics Facility  
  109  8:07  Zealot x5  
  119  8:13  Gateway  
  119  8:14  Protoss Ground Weapons Level 1 (Chrono Boost), Protoss Ground Armor Level 1 (Chrono Boost)  
  119  8:16  Assimilator  
  119  8:17  Pylon  
  119  8:21  Pylon x2  
  119  8:22  Probe x2  
  119  8:24  Pylon  
  119  8:25  Pylon  
  121  8:33  Nexus  
  121  8:34  Observer, Pylon  
  126  8:42  Colossus (Chrono Boost), Zealot x7, Shield Battery  
  126  8:44  Zealot  
  126  8:48  Probe x2  
  144  8:49  Probe  
  144  8:53  Colossus (Chrono Boost)  
  148  9:07  Zealot x2, Stalker x2  
  154  9:28  Stalker x2  
  153  9:32  Colossus  
  153  9:35  Nexus  
  153  9:36  Zealot x2, Pylon x2  
  157  9:40  Pylon  
  153  9:51  Zealot x4  
  157  9:55  Zealot x2  
  113  10:22  Probe  
  113  10:23  Stalker x6  
  116  10:31  Probe  
  116  10:32  Probe  
  116  10:34  Probe  
  119  10:38  Immortal  
  119  10:42  Templar Archives  
  123  10:46  Zealot x4, Sentry x2  
  135  10:50  Probe x3  
  138  11:01  Probe  
  138  11:02  Probe x2  
  141  11:05  Gateway  
  141  11:06  Gateway  
  141  11:07  Zealot  
  142  11:13  Probe x2  
  142  11:17  Pylon  
  144  11:19  Observer, High Templar x4  
  144  11:23  Archon x2  
  97  11:35  Zealot, Stalker  
  93  11:40  Immortal  
  93  11:45  Nexus  
  97  11:50  High Templar  
  97  11:51  High Templar x2  
  97  11:52  High Templar  
  105  11:55  Archon  
  105  11:56  Archon  
  105  11:57  Zealot  
  105  11:58  Zealot, Stalker  
  105  11:59  Stalker  
  113  12:12  Zealot  
  110  12:15  Zealot  
  110  12:16  Zealot  
  112  12:27  Zealot x3, Stalker x2  
  120  12:33  Zealot  
Show
View Real Time Build Order
Export as new Build Order

LiquidClem Terran - Winner!

Build Orders: Reaper Expand, Hellion Banshee 

Get SALT Encoding   

  12  0:00  SCV  
  13  0:13  SCV  
  14  0:16  Supply Depot  
  14  0:25  SCV  
  15  0:38  SCV  
  15  0:40  Barracks  
  16  0:43  Refinery  
  16  0:50  SCV  
  17  1:02  SCV  
  18  1:14  SCV  
  19  1:26  Reaper  
  19  1:27  Orbital Command  
  20  1:39  Command Center  
  20  1:47  Supply Depot  
  20  1:52  SCV  
  21  1:58  Marine  
  22  2:04  SCV  
  22  2:08  Factory  
  23  2:16  SCV  
  23  2:20  Barracks Reactor, Bunker  
  24  2:28  Refinery  
  24  2:29  SCV  
  25  2:41  SCV  
  26  2:51  Orbital Command  
  26  2:53  SCV  
  26  2:56  Starport  
  27  3:01  Marine  
  27  3:04  Hellion  
  27  3:05  SCV  
  31  3:06  Hellion  
  33  3:17  SCV  
  34  3:20  SCV  
  34  3:23  Marine  
  34  3:26  Hellion  
  37  3:27  Hellion  
  37  3:32  SCV  
  37  3:33  Starport Tech Lab  
  40  3:35  Supply Depot  
  40  3:36  SCV  
  41  3:44  SCV  
  41  3:46  Barracks Tech Lab  
  41  3:47  Hellion  
  44  3:48  SCV  
  44  3:54  Hellion  
  45  3:56  Banshee  
  45  3:58  SCV  
  45  4:02  SCV  
  46  4:08  Hellion  
  48  4:11  SCV  
  48  4:14  SCV  
  48  4:15  Hellion  
  52  4:18  Supply Depot  
  52  4:23  SCV  
  53  4:26  SCV  
  53  4:30  Supply Depot  
  54  4:35  SCV  
  54  4:38  SCV, Hellion  
  52  4:39  Hellion, Raven  
  53  4:47  SCV  
  53  4:50  SCV  
  52  4:54  Supply Depot  
  52  4:59  SCV  
  53  5:00  Command Center  
  53  5:05  SCV  
  54  5:11  SCV  
  54  5:12  Siege Tank  
  54  5:13  Marine x2  
  60  5:14  Barracks  
  60  5:19  Barracks  
  60  5:20  SCV  
  61  5:23  SCV  
  61  5:26  Viking  
  64  5:30  Supply Depot  
  64  5:32  SCV  
  64  5:33  Marine  
  64  5:34  Marine  
  67  5:36  SCV  
  67  5:40  Refinery  
  68  5:44  Siege Tank  
  68  5:45  SCV  
  68  5:49  SCV  
  73  5:52  Refinery  
  73  5:57  SCV, Engineering Bay x2  
  74  6:01  SCV  
  74  6:03  Marine x2  
  77  6:06  Supply Depot  
  77  6:08  Starport Reactor  
  77  6:09  Stimpack  
  77  6:10  Marauder  
  79  6:11  SCV  
  79  6:14  Orbital Command  
  80  6:21  Siege Tank  
  80  6:22  Barracks Tech Lab  
  80  6:23  Marine x2  
  80  6:24  SCV  
  82  6:30  Supply Depot  
  82  6:31  SCV, Marauder  
  83  6:34  Terran Infantry Weapons Level 1  
  83  6:36  SCV  
  83  6:37  Terran Infantry Armor Level 1  
  84  6:40  Orbital Command  
  84  6:43  SCV  
  84  6:44  Marine x2  
  84  6:45  Marauder  
  89  6:48  SCV  
  89  6:52  Supply Depot  
  89  6:54  Medivac, Siege Tank  
  92  6:56  Marauder  
  92  6:57  SCV  
  92  7:00  SCV  
  99  7:04  Medivac  
  99  7:05  Marine  
  99  7:06  Marauder, Marine, Supply Depot  
  99  7:08  SCV  
  106  7:10  SCV  
  107  7:17  Supply Depot  
  107  7:18  Marauder  
  107  7:19  SCV  
  107  7:20  SCV  
  107  7:25  Marine x2, Supply Depot  
  107  7:26  Medivac  
  110  7:30  SCV  
  110  7:31  Marauder  
  110  7:33  SCV, Siege Tank  
  114  7:41  Supply Depot  
  114  7:42  Barracks x2, Combat Shield  
  114  7:44  SCV  
  114  7:45  SCV  
  114  7:48  Marauder  
  114  7:49  Marine x2  
  120  7:54  SCV  
  120  7:56  Refinery, Marauder  
  120  7:57  Refinery  
  123  8:00  Supply Depot  
  123  8:06  Armory  
  123  8:07  Marine x2  
  123  8:09  Marauder, Concussive Shells, Siege Tank  
  123  8:12  SCV, Supply Depot  
  131  8:13  SCV x2  
  131  8:19  Marauder  
  135  8:20  Supply Depot  
  135  8:25  Marine x2  
  137  8:27  Medivac x2  
  137  8:30  Barracks Tech Lab  
  137  8:32  Barracks Reactor  
  141  8:35  Supply Depot  
  141  8:37  Command Center  
  141  8:38  Supply Depot  
  141  8:39  Marauder  
  141  8:41  Marauder  
  145  8:45  Marine x2, Siege Tank  
  149  8:52  Marauder  
  149  8:55  SCV  
  152  9:00  Marauder  
  152  9:02  Marauder, Viking  
  158  9:03  Viking  
  158  9:05  Marine x2  
  158  9:09  Marine x2  
  162  9:13  Marauder, Supply Depot  
  162  9:17  Siege Tank  
  162  9:21  Marauder  
  162  9:23  SCV x2, Marauder, Marine x2  
  158  9:26  SCV  
  149  9:35  SCV x2, Marauder  
  149  9:36  Marine  
  147  9:43  Marauder  
  147  9:45  SCV, Marauder, Marine x2  
  149  9:49  SCV, Siege Tank  
  149  9:51  Marine  
  153  9:56  Marauder  
  153  9:58  Viking  
  153  10:02  Viking  
  153  10:04  Marauder, Marine x2  
  153  10:06  Marauder  
  152  10:14  Marine x2  
  152  10:16  SCV  
  152  10:17  Marauder  
  152  10:18  SCV  
  131  10:22  Marine x2  
  131  10:25  Marauder  
  131  10:27  Marine  
  122  10:32  Marine  
  122  10:33  Siege Tank  
  122  10:34  SCV x2  
  122  10:35  SCV  
  126  10:39  Marauder  
  126  10:40  Marine  
  126  10:42  Marine x2  
  131  10:46  SCV  
  131  10:47  SCV  
  131  10:49  SCV  
  136  10:57  Marauder x2  
  136  10:58  SCV  
  139  11:05  Marine  
  139  11:06  Marine x2  
  139  11:07  Marauder  
  139  11:09  Siege Tank  
  147  11:12  Marine  
  147  11:14  SCV  
  147  11:15  SCV x2  
  147  11:18  Marauder  
  153  11:25  Marauder  
  145  11:27  Marine x2  
  145  11:31  Marauder  
  145  11:32  Marine x2  
  131  11:35  Medivac x2  
  131  11:36  SCV x2  
  131  11:37  SCV  
  131  11:38  Refinery  
  134  11:41  Marauder  
  134  11:45  Marine  
  134  11:46  Marauder  
  139  11:50  Marine x2  
  139  11:52  Siege Tank  
  139  11:53  Marauder  
  146  11:59  Marine  
  147  12:01  Marine  
  147  12:04  Marine  
  147  12:07  Marauder  
  151  12:09  Marine x2  
  151  12:13  Missile Turret  
  151  12:14  Marauder  
  155  12:19  Marine  
  158  12:38  Command Center  
Tags
 
Add a new tag
Caveats
  • Supply blocks, unpowered buildings, or Contaminate may cause inaccurate times.
  • Supply counts are checked every 10 seconds.